 Dungeon Crawl Stone Soup version 0.30-a0-634-g8abc85282e (webtiles) character file.

Game seed: 14032904723337407001

3859 lorenzova the Thaumaturge (level 9, -1/45 HPs)
             Began as a Deep Elf Conjurer on Jan 14, 2023.
             Was a Follower of Vehumet.
             Shot with an arrow by a centaur (12 damage)
             ... on level 8 of the Dungeon.
             The game lasted 00:22:27 (11264 turns).

lorenzova the Thaumaturge (Deep Elf Conjurer)      Turns: 11264, Time: 00:22:28

Health: -1/45      AC:  4    Str:  4    XL:     9   Next: 99%
Magic:  15/28      EV: 12    Int: 28    God:    Vehumet [*.....]
Gold:   483        SH:  0    Dex: 15    Spells: 22/34 levels left

rFire   + . .      SeeInvis .    t - +5 spear of Tuxegysy {heavy, Will+ Dex+2}
rCold   x . .      Faith    .    (no shield)
rNeg    . . .      Spirit   .    a - +0 robe
rPois   .          Reflect  .    h - +0 helmet
rElec   .          Harm     .    (no cloak)
rCorr   .          Rampage  .    (no gloves)
Will    +....                    f - +0 pair of boots
Stlth   ++                       (no amulet)
HPRegen 0.27/turn                A - ring of wizardry
MPRegen 0.21/turn                B - ring of fire

@: no status effects
A: no striking features
a: Renounce Religion


You were on level 8 of the Dungeon.
You worshipped Vehumet.
Vehumet was aware of your devotion.
You visited 2 branches of the dungeon, and saw 9 of its levels.

You collected 483 gold pieces.

Inventory:

Hand Weapons
 j - a +0 dagger
 t - the +5 spear of Tuxegysy (weapon) {heavy, Will+ Dex+2}
   (You found it on level 2 of the Dungeon)

   Dex:       It affects your dexterity (+2).
   Will:      It increases your willpower.
Armour
 a - a +0 robe (worn)
 d - the +5 ring mail "Viceov" {rC+}
   (You took it off a gnoll on level 7 of the Dungeon)

   rC:        It protects you from cold.
 f - a +0 pair of boots (worn)
 h - a +0 helmet (worn)
Jewellery
 y - an amulet of faith
 A - a ring of wizardry (left hand)
 B - a ring of fire (right hand)
 K - a +6 ring of strength
Wands
 p - a wand of digging (4)
 F - a wand of polymorph (11)
Scrolls
 c - a scroll of silence
 e - a scroll of amnesia {unknown}
 g - a scroll of enchant armour {unknown}
 k - 3 scrolls of immolation
 n - 4 scrolls of blinking
 o - a scroll of acquirement {unknown}
 q - a scroll of torment {unknown}
 D - a scroll of teleportation {unknown}
 E - 2 scrolls of fear
 G - a scroll of summoning {unknown}
 H - a scroll of enchant weapon {unknown}
 I - 2 scrolls of fog
Potions
 b - 2 potions of magic
 i - 2 potions of berserk rage
 l - a potion of resistance {unknown}
 r - 2 potions of might
 s - 2 potions of curing {unknown}
 u - 3 potions of flight {unknown}
 v - 2 potions of heal wounds
 w - 3 potions of ambrosia {unknown}
 x - a potion of attraction {unknown}
 z - 2 potions of haste
 C - a potion of mutation {unknown}
 J - a potion of lignification {unknown}


   Skills:
 - Level 2.4 Dodging
 - Level 2.4 Stealth
 + Level 13.4 Spellcasting
 + Level 11.9 Conjurations


You had 22 spell levels left.
You knew the following spells:

 Your Spells              Type           Power      Damage    Failure   Level
a - Magic Dart            Conj           100%       1d8       0%          1
b - Searing Ray           Conj           100%       2d8       1%          2
c - Iskenderun's Mystic   Conj/Tloc      51%        2d11      1%          4
d - Fulminant Prism       Conj/Hex       25%        3d14      1%          4
e - Foxfire               Conj/Fire      100%       2x1d9     1%          1

Your spell library contained the following spells:

 Spells                   Type           Power      Damage    Failure   Level
 Shock                    Conj/Air       100%       1d9       1%          1
 Cigotuvi's Dreadful Rot  Necr/Pois/Air  36%        N/A       1%          2
 Passwall                 Tmut/Erth      15%        N/A       1%          2
 Poisonous Vapours        Pois/Air       36%        N/A       1%          2
 Dazzling Flash           Conj/Hex       100%       N/A       1%          3
 Mephitic Cloud           Conj/Pois/Air  41%        N/A       1%          3
 Stone Arrow              Conj/Erth      100%       3d13      1%          3
 Frozen Ramparts          Ice            36%        1d6       3%          3
 Tukima's Dance           Hex            18%        N/A       3%          3
 Ice Form                 Ice/Tmut       18%        N/A       12%         4
 Passage of Golubria      Tloc           18%        N/A       12%         4
 Summon Ice Beast         Ice/Summ       18%        N/A       12%         4
 Yara's Violent Unravell  Hex/Tmut       9%         3d6       30%         5
 Maxwell's Capacitive Co  Air            9%         ∞         100%        8


Dungeon Overview and Level Annotations

Branches:
Dungeon (8/15)             Temple (1/1) D:7
   Lair: D:8-11

Altars:
Cheibriados
Dithmenos
Elyvilon
Gozag
Hepliaklqana
Kikubaaqudgha
Makhleb
Nemelex Xobeh
Qazlal
Sif Muna
Trog
Uskayaw
Vehumet
Wu Jian
Xom
Yredelemnul
Zin

Annotations:
D:2 exclusion: downstairs
D:4 exclusion: upstairs
D:5 exclusion: 2 downstairs
D:6 1 runed translucent door, rigao's ghost, novice GrMo
D:7 exclusion: 2 upstairs


Message History

You conjure a prism of explosive energy!
A fulminant prism comes into view.
The centaur wields a +1 shortbow of flaming.
It bursts into flame!
The centaur shoots an arrow.
The arrow hits your fulminant prism! The arrow burns your fulminant prism.
Your fulminant prism detonates feebly.
Casting: Fulminant Prism (dangerous; 1% risk of failure)
Confirm with . or Enter, or press ? or * to list all spells.
Aiming: Fulminant Prism (dangerous; 1% risk of failure)
Press: ? - help, Dir - move target You conjure a prism of explosive energy!
A fulminant prism comes into view.
The centaur shoots an arrow.
The arrow hits your fulminant prism.
The centaur shoots an arrow.
The arrow hits your fulminant prism.
Your fulminant prism crackles loudly.
Your fulminant prism explodes!
The blast of energy engulfs the centaur.
The centaur is moderately wounded.
You hear a shout!
Casting: Fulminant Prism (dangerous; 1% risk of failure)
Confirm with . or Enter, or press ? or * to list all spells.
Aiming: Searing Ray (safe; 1% risk of failure)
Press: ? - help, Shift-Dir - straight line, f - centaur
Aim: a centaur, wielding a +1 shortbow of flaming (moderately wounded, 90% to hit)
The searing ray hits the centaur.
The centaur is heavily wounded. (Press . to maintain the ray.)
The centaur shoots an arrow.
The arrow hits you! The arrow burns you.
Unknown command.
The searing ray hits the centaur.
The centaur is severely wounded.
The centaur shoots an arrow.
The arrow hits you but does no damage.
The searing ray hits the centaur.
The centaur is almost dead.
The centaur shoots an arrow.
The arrow hits you!
* * * LOW HITPOINT WARNING * * *
The arrow burns you.
* * * LOW HITPOINT WARNING * * *
The centaur shoots an arrow.
The arrow hits you!
You die...

##...<.##...
...... [..#
.####....# #..#
.........# #..#
.....*...# #..#
##### ..K.K..c.#
#..######....
#)#
#.........###
#.#####.########
#@......#
#########


You could see a centaur.

Vanquished Creatures
  Grinder (D:3)
  Sigmund (D:3)
  4 yaks (D:6)
  Menkaure (D:6)
  A water moccasin (D:6)
  Duvessa (D:6)
  An orc warrior (D:6)
  3 black bears (D:6)
  An ogre (D:6)
  A centaur (D:6)
  A kobold brigand (D:8)
  A bullfrog (D:7)
  2 gnoll sergeants (D:7)
  2 necrophages
  2 scorpions
  4 wights (D:7)
  Dowan (D:6)
  3 howler monkeys
  A jelly (D:7)
  5 orc priests
  4 gnoll boudas (D:7)
  7 hounds
  Jessica (D:3)
  Terence (D:3)
  3 iguanas
  7 orc wizards
  20 gnolls
  7 adders
  2 shadow imps
  An ufetubus (D:6)
  A worm (D:2)
  A dart slug (D:1)
  27 orcs
  11 ball pythons
  8 endoplasms
  A giant cockroach (D:1)
  7 goblins
  9 hobgoblins
  8 jackals
  8 kobolds
  5 quokkas
  10 bats
  4 frilled lizards
  7 rats
197 creatures vanquished.

Vanquished Creatures (others)
  34 fulminant prisms
  2 withered plants (D:6)
36 creatures vanquished.

Grand Total: 233 creatures vanquished

Notes
Turn   | Place    | Note
-------+----------+-------------------------------------------
     0 | D:1      | lorenzova the Deep Elf Conjurer began the quest for the
                  | Orb.
     0 | D:1      | Reached XP level 1. HP: 10/10 MP: 6/6
   200 | D:1      | Reached XP level 2. HP: 15/15 MP: 5/8
   253 | D:1      | Learned a level 2 spell: Searing Ray
   511 | D:1      | Found Violin's Magic Scroll Shoppe.
   677 | D:1      | Reached skill level 4 in Spellcasting
   687 | D:1      | Reached skill level 5 in Conjurations
   687 | D:1      | Reached XP level 3. HP: 17/19 MP: 0/10
  2019 | D:2      | Reached XP level 4. HP: 24/24 MP: 8/12
  2417 | D:2      | Identified the +5 spear of Tuxegysy {heavy, Will+ Dex+2}
  2570 | D:3      | Noticed Terence
  2574 | D:3      | Killed Terence
  2575 | D:3      | Reached skill level 5 in Spellcasting
  3062 | D:3      | Noticed Grinder
  3063 | D:3      | Noticed Jessica
  3065 | D:3      | Noticed Sigmund
  3111 | D:3      | Killed Jessica
  3112 | D:3      | Reached XP level 5. HP: 20/28 MP: 9/15
  3170 | D:3      | Paralysed by Grinder for 2 turns
  3181 | D:3      | Killed Grinder
  3182 | D:3      | Reached skill level 6 in Spellcasting
  3182 | D:3      | Reached XP level 6. HP: 22/32 MP: 1/17
  3420 | D:4      | Reached skill level 7 in Spellcasting
  4192 | D:4      | You fall into a shaft and drop 3 floors!
  4198 | D:6      | Noticed Menkaure
  4207 | D:7      | Reached XP level 7. HP: 34/36 MP: 15/19
  4440 | D:6      | Reached skill level 8 in Spellcasting
  4606 | D:6      | Killed Menkaure
  4713 | D:6      | Reached skill level 9 in Spellcasting
  4751 | D:5      | Entered Level 5 of the Dungeon
  4779 | D:5      | Learned a level 4 spell: Iskenderun's Mystic Blast
  4784 | D:5      | Learned a level 4 spell: Fulminant Prism
  4841 | D:4      | Reached XP level 8. HP: 41/41 MP: 21/23
  5372 | D:3      | Killed Sigmund
  6117 | D:5      | Reached skill level 10 in Spellcasting
  6657 | D:5      | Found an ornate altar of the Wu Jian Council.
  6896 | D:6      | Found a bloodstained altar of Trog.
  6923 | D:6      | Reached skill level 11 in Spellcasting
  6923 | D:6      | Reached skill level 10 in Conjurations
  6924 | D:6      | Reached XP level 9. HP: 45/45 MP: 10/26
  6979 | D:6      | Noticed Dowan
  6980 | D:6      | Noticed Duvessa
  7168 | D:6      | Killed Duvessa
  7172 | D:6      | Killed Dowan
  8682 | D:6      | Found a basalt altar of Yredelemnul.
  8709 | D:6      | Reached skill level 12 in Spellcasting
  8813 | D:6      | Found a runed translucent door.
  8814 | D:6      | Noticed rigao's ghost (novice GrMo)
  9235 | D:7      | Found a staircase to the Ecumenical Temple.
  9250 | Temple   | Entered the Ecumenical Temple
  9289 | Temple   | Became a worshipper of Vehumet
  9790 | D:7      | Reached * piety under Vehumet
  9790 | D:7      | Offered knowledge of Foxfire by Vehumet.
  9871 | D:7      | Learned a level 1 spell: Foxfire
  9939 | D:7      | Reached skill level 13 in Spellcasting
 10318 | D:7      | Found a stormy altar of Qazlal.
 10381 | D:7      | Identified the +5 ring mail "Viceov" {rC+}
 11088 | D:7      | Found an opulent altar of Gozag.
 11235 | D:8      | Got Goulel's Octavo of Gusty Terrain
 11264 | D:8      | Shot with an arrow by a centaur

Illustrated notes

Levels and vault maps discovered:
D:1:      lightli_iron_boxes, layout_basic, serial_shops, shop
D:2:      layout_rooms, minivault_4
D:3:      layout_basic, uniq_jessica, uniq_grinder, uniq_terence, uniq_sigmund
D:4:      minmay_inner_zag, layout_basic
D:5:      layout_loops_cross, mainiacjoe_overflow_paths,
          mainiacjoe_overflow_alcove_2, chequers_serial_rivers_marsh,
          mumra_transporter_accident
D:6:      layout_rooms, mainiacjoe_overflow_alcove_4, lemuel_round_altar,
          gammafunk_ghost_grave, uniq_duvessa, uniq_menkaure
D:7:      layout_cave_pools, nicolae_gozag_cash_rules_everything_around_me,
          lemuel_tele_altar, minmay_temple_entry_proselytizer,
          serial_gnoll_camp, gnoll_camp_medium_01, gnoll_camp_mini_basic,
          gnoll_camp_mini_basic, gnoll_camp_mini_hut, moated_statue
D:8:      layout_loops_ring, cheibrodos_ashenzari_chains, st_stairs_3,
          uniq_maurice, uniq_psyche
Temple:   nicolae_temple_god_jail

Skill      XL: |  1  2  3  4  5  6  7  8  9 |
---------------+----------------------------+-----
Spellcasting   | 4 5 6 7 9 11 13 | 13.4
Conjurations   | 5 6 7 8 10 11 | 11.9
Dodging        | |  2.4
Stealth        | |  2.4

Action                   |  1- 3 |  4- 6 |  7- 9 || total
-------------------------+-------+-------+-------++-------
Melee: Unarmed           |     4 |       |       ||     4
       Dagger            |     3 |       |       ||     3
       Spear             |       |       |     3 ||     3
 Cast: Magic Dart        |    73 |    71 |   148 ||   292
       Searing Ray       |     1 |    10 |    37 ||    48
       Fulminant Prism   |       |       |    34 ||    34
       Iskenderun's Myst |       |       |    26 ||    26
  Use: Scroll            |     2 |       |     5 ||     7
       Potion            |       |       |     1 ||     1
Armor: Robe              |     4 |     5 |    10 ||    19
Dodge: Dodged            |    19 |    15 |    31 ||    65

Table legend: (Time is in decaauts)
 A = Elapsed time spent in this place.
 B = Non-inter-level travel time spent in this place.
 C = Inter-level travel time spent in this place.
 D = Time resting spent in this place.
 E = Time spent auto-exploring this place.
 F = Levels seen in this place.
 G = Mean time per level.
                   A        B        C        D        E       F      G
               +--------+--------+--------+--------+--------+-----+--------+
         Total |  11278 |  10949 |    329 |   6228 |   3518 |   9 | 1253.1 |
       Dungeon |  11225 |  10909 |    316 |   6228 |   3491 |   8 | 1403.1 |
        Temple |     52 |     39 |     13 |      0 |     27 |   1 |   52.0 |
               +--------+--------+--------+--------+--------+-----+--------+

Top non-repeatable levels by time:
     D:7: 2259 daAuts
     D:6: 2132 daAuts
     D:1: 1551 daAuts
     D:3: 1477 daAuts
     D:5: 1455 daAuts
     D:4: 1298 daAuts
     D:2: 1001 daAuts
  Temple: 52 daAuts
     D:8: 48 daAuts
